 Dungeon Crawl Stone Soup version 0.17-a0-512-gd6a67cc (webtiles) character file.

98582 Hanyuu the Unseen (level 16, -22/104 HPs)
             Began as a Kobold Assassin on Apr 10, 2015.
             Was the Champion of Dithmenos.
             Killed by Shatter
             ... invoked by Jorgrun
              (69 damage)
             ... on level 4 of the Swamp on Apr 12, 2015.
             The game lasted 03:41:43 (29435 turns).

Hanyuu the Unseen (Kobold Assassin)                Turns: 29435, Time: 03:41:43

Health: -22/104    AC: 37    Str: 12    XL:     16   Next: 73%
Magic:  23/23      EV:  3    Int: 17    God:    Dithmenos [******]
Gold:   2185       SH:  0    Dex: 28    Spells: 4 memorised, 16 levels left

rFire  + . .     SeeInvis +     a - +9 rapier (elec)
rCold  + . .     Clarity  .     X - +9 gold dragon armour of the Good {rPois rF+ rC+ Slay+3}
rNeg   + + +     SustAb   .     w - +0 buckler
rPois  ∞         Gourm    .     A - +2 helmet
rElec  +         Spirit   .     j - +1 cloak {rPois}
rCorr  +         Warding  .     R - +2 pair of gloves
rMut   .         Stasis   .     D - +1 pair of boots
MR     +....                    E - amulet of resist corrosion
Stlth  ++........               x - ring "Pirobbo" {rElec Int+2 Dex+3 SInv}
                                V - +5 ring of dexterity

@: petrified, wreathed by umbra, repel missiles, somewhat resistant to hostile
enchantments, unstealthy
A: carnivore 3, clever 2
a: Shadow Step, Shadow Form, Renounce Religion


You were on level 4 of the Swamp.
You worshipped Dithmenos.
Dithmenos was exalted by your worship.
You were very full.

You visited 4 branches of the dungeon, and saw 25 of its levels.
You visited the Abyss 1 time.
You also visited: Ice Cave.

You collected 2488 gold pieces.
You spent 303 gold pieces at shops.

Inventory:

Hand weapons
 a - a +9 rapier of electrocution (weapon)
 b - a +3 blowgun
Missiles
 c - 2 throwing nets (quivered)
 f - 5 curare-tipped needles
 F - 82 poisoned needles
 J - 2 needles of frenzy
 P - 8 needles of confusion
 T - 3 needles of sleeping
Armour
 i - a +0 robe of cold resistance
 j - a +1 cloak of poison resistance (worn)
 w - a +0 buckler (worn)
 A - a +2 helmet (worn)
 D - a +1 pair of boots (worn)
 H - a +2 leather armour of magic resistance
 R - a +2 pair of gloves (worn)
 X - the +9 gold dragon armour of the Good (worn) {rPois rF+ rC+ Slay+3}
   (You acquired it on level 4 of the Swamp)

   It affects your accuracy and damage with ranged weapons and melee attacks
   (+3).
   It protects you from fire.
   It protects you from cold.
   It protects you from poison.
Rods
 L - a +1 rod of inaccuracy (11/11)
   (You found it on level 7 of the Lair of Beasts)
Jewellery
 x - the ring "Pirobbo" (right hand) {rElec Int+2 Dex+3 SInv}
   (You found it on level 7 of the Dungeon)

   [ring of see invisible]

   It affects your intelligence (+2).
   It affects your dexterity (+3).
   It insulates you from electricity.
   It enhances your eyesight.
 B - an uncursed ring of wizardry
 E - an amulet of resist corrosion (around neck)
 V - a +5 ring of dexterity (left hand)
Magical devices
 v - a wand of paralysis (14)
 y - a wand of cold (2)
 I - a wand of heal wounds (1)
 K - a wand of lightning (5)
 N - a wand of hasting (2)
 Z - a wand of teleportation (5)
Scrolls
 d - a scroll of summoning
 h - 7 scrolls of remove curse
 l - 5 scrolls of magic mapping
 m - 2 scrolls of enchant weapon
 n - 7 scrolls of identify
 o - 3 scrolls of amnesia
 q - 5 scrolls of recharging
 s - 16 scrolls of teleportation
 G - 5 scrolls of blinking
 O - a scroll of enchant armour
Potions
 e - 2 potions of resistance
 k - 11 potions of heal wounds
 p - 2 potions of mutation
 r - 3 potions of lignification
 t - 4 potions of haste
 u - a potion of cancellation
 z - 7 potions of magic
 C - 5 potions of restore abilities
 M - 11 potions of curing
 S - 2 potions of ambrosia
 U - a potion of brilliance
 Y - a potion of cure mutation
Books
 W - a book of Air

   Spells                             Type                      Level
   a - Shock                          Conjuration/Air              1
   b - Swiftness                      Charms/Air                   2
   c - Repel Missiles                 Charms/Air                   2
   d - Flight                         Charms/Air                   3
   e - Static Discharge               Conjuration/Air              3
   f - Lightning Bolt                 Conjuration/Air              5
Comestibles
 g - 10 meat rations
 Q - 3 royal jellies


   Skills:
 + Level 13.3 Fighting
 - Level 14.0 Short Blades
 - Level 5.0 Throwing
 + Level 8.4 Armour
 + Level 14.0 Dodging
 * Level 17.1 Stealth
 - Level 7.0 Shields
 - Level 5.3 Spellcasting
 - Level 3.6 Charms
 - Level 7.4 Evocations


You had 16 spell levels left.
You knew the following spells:

 Your Spells              Type           Power        Failure   Level  Hunger
a - Repel Missiles        Chrm/Air       ##....       100%        2    #......
b - Swiftness             Chrm/Air       ##......     100%        2    #......
c - Call Imp              Summ           #.......     100%        2    #......
d - Flight                Chrm/Air       ##........   100%        3    ##.....


Dungeon Overview and Level Annotations

Branches:
Dungeon (12/15)            Temple (1/1) D:4            Lair (8/8) D:10
  Swamp (4/5) Lair:3        Snake (0/5) Lair:4        Slime (0/6) Lair:6
    Orc (0/4) D:11

Altars:
Ashenzari
Cheibriados
Dithmenos
Elyvilon
Fedhas
Kikubaaqudgha
Okawaru
Qazlal
Ru
Sif Muna
Trog
Vehumet
Yredelemnul
The Shining One

Shops:
D:4 *   D:10 :   D:11 ?

Portals:
Trove: D:11 (give +5 ice dragon armour)

Annotations:
Swamp:2 exclusion: Roxanne, Roxanne
Swamp:4 Jorgrun


Innate Abilities, Weirdness & Mutations

You are small and have problems with some larger weapons.
You are carnivorous and can eat meat at any time.
Your mind is very acute. (Int +4)


Message History

Jorgrun hits you with a quarterstaff of crushing!
The shadow barely misses you.
You have turned to stone.
A swamp drake comes into view.
The swamp drake moves out of view.
Jorgrun hits you but does no damage. The shadow hits you.
Jorgrun hits you but does no damage. The shadow hits you.
Jorgrun hits you with a quarterstaff of crushing.
The shadow hits you. The shadow hits you.
Jorgrun hits you with a quarterstaff of crushing.
The shadow hits you. Jorgrun hits you but does no damage.
The shadow slips into darkness.
The shadow flickers and vanishes for a moment.
Jorgrun hits you with a quarterstaff of crushing!!
The shadow hits you.
Jorgrun mumbles some strange words.
The dungeon rumbles around Jorgrun!
You shudder from the earth-shattering force.
Ouch! That really hurt!
You die...

♣♣♣♣♣♣♣♣♣♣♣♣
♣.♣.♣.♣≈♣♣.♣♣
.......≈....♣
♣.≈≈.....≈..♣♣
≈...≈..♣..≈..♣
..≈≈≈.♣≈≈≈..≈♣♣♣♣♣
§≈♣...♣♣......§§§♣ ♣♣♣♣♣
...♣.♣♣≈...####§§♣§≈.≈.≈.
≈.♣≈.♣♣♣...# ##@g§≈≈≈≈≈≈
≈≈♣≈≈.♣♣.##.. ##W§≈≈≈≈≈≈
.§♣.≈≈...# . §§≈≈≈≈≈
..♣♣♣♣≈.≈≈ §≈≈≈≈≈≈ ..♣
♣≈≈ .§≈≈§≈≈ ♣♣..♣ .
.≈≈≈.≈ .≈... .≈≈≈≈ .≈≈..
.≈≈≈ .≈.. .


You could see Jorgrun and a shadow.

Vanquished Creatures
  Nikola (Swamp:3)
  A thorn hunter (Swamp:4)
  Maud (D:12)
  Louise (Swamp:1)
  The ghost of Fluffy the Champion of Chaos, a powerful DsGl of Makhleb (Lair:4)
  An ice dragon (Lair:4)
  A ghost crab (Swamp:2)
  A catoblepas (Lair:6)
  10 hydras
  Erica (D:8)
  A thrashing horror (Abyss:1)
  8 alligators
  2 unseen horrors
  3 ice statues (IceCv)
  A swamp dragon (Swamp:3)
  A shambling mangrove (Swamp:2)
  5 hill giants
  A necromancer (IceCv)
  A lindwurm (Lair:6)
  An ugly thing (D:12)
  12 elephants
  An oklob plant (Swamp:3)
  4 black mambas
  Joseph (D:10)
  11 spiny frogs
  2 molten gargoyles (Lair:3)
  3 fire drakes
  5 orange demons (D:11)
  7 komodo dragons
  2 spriggan druids
  7 polar bears (Lair:8)
  2 red devils (D:11)
  10 giant leeches
  8 blue devils (IceCv)
  2 bog bodies
  3 baby alligators (Swamp:3)
  7 ravens
  35 slime creatures
  A deep elf mage (D:10)
  23 blink frogs
  2 shadows
  A trapdoor spider (D:12)
  8 redbacks (Lair:8)
  A ynoxinul (Abyss:1)
  A hungry ghost (D:12)
  2 hogs
  16 spriggans
  A small abomination (Abyss:1)
  Eustachio (D:4)
  36 yaks
  A human (D:7)
  Grum (D:8)
  A deep elf fighter (D:10)
  11 hippogriffs
  5 wyverns
  5 basilisks
  19 swamp worms
  14 insubstantial wisps
  27 wolves
  19 water moccasins
  12 orc warriors
  6 ice beasts
  8 porcupines
  An eye of draining (Lair:6)
  4 swamp drakes (Swamp:2)
  6 black bears
  5 ogres
  A phantom (D:5)
  9 wasps
  2 boring beetles
  2 centaurs
  A necrophage (D:10)
  14 crocodiles
  A big kobold (D:8)
  20 giant frogs
  2 gnoll sergeants (D:8)
  6 scorpions
  A wyvern skeleton (D:8)
  23 wights
  3 killer bees (D:7)
  2 electric eels (Lair:8)
  A goliath beetle (D:7)
  3 crimson imps
  A centaur zombie (D:10)
  A centaur skeleton (D:9)
  5 jellies
  16 hounds
  7 iguanas
  2 giant frog skeletons
  4 lava snakes (Lair:3)
  Jessica (D:3)
  6 hell rats (Lair:6)
  27 orc wizards
  A gnoll shaman (D:8)
  9 orc priests
  A spriggan simulacrum (IceCv)
  2 troll simulacra (IceCv)
  10 worker ants
  30 sheep
  5 centaur simulacra (IceCv)
  3 hound skeletons (D:5)
  13 gnolls
  2 worker ant zombies
  Robin (D:3)
  26 adders
  69 river rats
  2 ogre simulacra (IceCv)
  3 white imps (Lair:4)
  5 worms
  4 shadow imps
  4 giant geckos
  An ooze (D:4)
  63 orcs
  21 bats
  3 bat zombies
  8 giant cockroaches
  22 goblins
  28 hobgoblins
  4 jackals
  17 quokkas
  A ball python skeleton (D:4)
  A giant gecko zombie (D:9)
  3 giant newts
  A giant spore (D:11)
  A jackal skeleton (D:4)
  20 kobolds
  A quokka zombie (D:9)
  34 rats
  2 rat zombies (D:4)
  34 ballistomycetes
  A fungus (Lair:6)
  8 plants
1028 creatures vanquished.

Vanquished Creatures (collateral kills)
  An orc wizard (D:8)
  A hobgoblin (D:8)
  2 kobolds (D:8)
4 creatures vanquished.

Vanquished Creatures (others)
  An adder (Lair:6)
  10 giant spores
  3 ballistomycetes
  7 fungi
  2 plants
23 creatures vanquished.

Grand Total: 1055 creatures vanquished

Notes
Turn   | Place    | Note
--------------------------------------------------------------
     0 | D:1      | Hanyuu, the Kobold Assassin, began the quest for the Orb.
     0 | D:1      | Reached XP level 1. HP: 12/12 MP: 1/1
   121 | D:1      | Reached XP level 2. HP: 9/18 MP: 2/2
   455 | D:1      | Reached XP level 3. HP: 21/23 MP: 3/3
  1029 | D:2      | Reached XP level 4. HP: 15/28 MP: 4/4
  1817 | D:3      | Reached XP level 5. HP: 25/33 MP: 5/5
  1886 | D:3      | Reached skill level 5 in Short Blades
  1911 | D:3      | Noticed Jessica
  1916 | D:3      | Killed Jessica
  2473 | D:3      | Noticed Robin
  2494 | D:3      | Reached XP level 6. HP: 26/38 MP: 6/6
  2521 | D:3      | Killed Robin
  3075 | D:4      | Reached skill level 6 in Stealth
  3206 | D:4      | Reached XP level 7. HP: 44/44 MP: 7/7
  3216 | D:4      | Found a staircase to the Ecumenical Temple.
  3227 | Temple   | Entered the Ecumenical Temple
  3233 | Temple   | Became a worshipper of Dithmenos the Shadowed
  3287 | D:4      | Found Zicimp's Assorted Antiques.
  3300 | D:4      | Bought a creamy pearl robe for 125 gold pieces
  3310 | D:4      | Identified the cursed +0 robe of Death's Door {rElec} (You bought it in a shop on level 4 of the Dungeon)
  3627 | D:4      | Noticed Eustachio
  3703 | D:4      | Killed Eustachio
  3703 | D:4      | Reached skill level 5 in Fighting
  4016 | D:4      | Found a stormy altar of Qazlal.
  4018 | D:4      | Found a blossoming altar of Fedhas.
  4065 | D:4      | Found an ancient bone altar of Kikubaaqudgha.
  4184 | D:5      | Entered Level 5 of the Dungeon
  4238 | D:5      | Reached XP level 8. HP: 49/49 MP: 8/8
  4276 | D:5      | Reached skill level 7 in Stealth
  4410 | D:5      | Reached skill level 1 in Armour
  4410 | D:5      | Reached skill level 5 in Dodging
  5163 | D:5      | Acquired Dithmenos's first power
  5272 | D:6      | Reached XP level 9. HP: 43/55 MP: 9/9
  5346 | D:6      | Reached skill level 8 in Stealth
  5518 | D:6      | Found a shattered altar of Ashenzari.
  5549 | D:6      | Found a basalt altar of Yredelemnul.
  5884 | D:7      | Got a crude lead ring
  5885 | D:7      | Identified the ring "Pirobbo" {rElec Int+2 Dex+3 SInv} (You found it on level 7 of the Dungeon)
  6089 | D:7      | Reached skill level 5 in Throwing
  6288 | D:4      | Bought a steel ring for 110 gold pieces
  6688 | D:7      | Reached skill level 9 in Stealth
  6688 | D:7      | Reached XP level 10. HP: 61/61 MP: 10/10
  6741 | D:7      | Acquired Dithmenos's second power
  7052 | D:7      | Found a radiant altar of Vehumet.
  7057 | D:7      | Found a white marble altar of Elyvilon.
  7376 | D:8      | Noticed Erica
  7396 | D:8      | Killed Erica
  7396 | D:8      | Reached skill level 10 in Stealth
  7785 | D:8      | Noticed Grum
  7809 | D:8      | Killed Grum
  7947 | D:8      | Acquired Dithmenos's third power
  8392 | D:8      | Reached skill level 10 in Short Blades
  8618 | D:8      | Reached XP level 11. HP: 47/68 MP: 11/11
  8620 | D:8      | Got a bloodstained mace {venom}
  8621 | D:8      | Identified the +8 mace "Ukkif" {venom, +Fly rF+ Str+8 Int-5} (You took it off an orc wizard on level 8 of the Dungeon)
  9606 | D:9      | Reached skill level 5 in Armour
  9612 | D:9      | Reached skill level 11 in Stealth
  9919 | D:10     | Entered Level 10 of the Dungeon
  9977 | D:9      | Found a deep blue altar of Sif Muna.
 10052 | D:9      | Reached skill level 1 in Shields
 10403 | D:9      | Acquired Dithmenos's fourth power
 10427 | D:9      | Noticed an unseen horror
 10437 | D:9      | Killed an unseen horror
 10728 | D:10     | Noticed a hill giant
 10775 | D:10     | Killed a hill giant
 11034 | D:10     | Noticed Joseph
 11050 | D:10     | Killed Joseph
 11050 | D:10     | Reached skill level 1 in Spellcasting
 11104 | D:10     | Found a staircase to the Lair.
 11155 | D:10     | Noticed a hill giant
 11182 | D:10     | Killed a hill giant
 11378 | D:10     | Found Mameku's Book Boutique.
 11911 | D:11     | Found a portal to a secret trove of treasure.
 12020 | D:11     | Reached XP level 12. HP: 76/76 MP: 15/15
 12058 | D:11     | Reached skill level 10 in Dodging
 12076 | D:11     | Reached skill level 12 in Stealth
 12484 | D:11     | Noticed a hill giant
 12486 | D:11     | Found a staircase to the Orcish Mines.
 12528 | D:11     | Killed a hill giant
 12835 | D:11     | Found Zajitegukh's Magic Scroll Shoppe.
 12843 | D:11     | Bought a scroll of identify for 34 gold pieces
 12843 | D:11     | Bought a scroll of identify for 34 gold pieces
 13164 | D:12     | Reached skill level 10 in Fighting
 13376 | D:12     | Upgraded the game from 0.17-a0-491-gbd49765 to 0.17-a0-512-gd6a67cc
 13422 | D:12     | Noticed Maud
 13454 | D:12     | Killed Maud
 13535 | D:12     | Learned a level 2 spell: Repel Missiles
 13538 | D:12     | Learned a level 2 spell: Swiftness
 13541 | D:12     | Learned a level 2 spell: Call Imp
 13634 | D:12     | Reached skill level 5 in Shields
 14486 | Lair:1   | Entered Level 1 of the Lair of Beasts
 14513 | Lair:1   | Reached XP level 13. HP: 82/82 MP: 16/16
 14908 | Lair:1   | Reached skill level 13 in Stealth
 14917 | Lair:1   | Reached skill level 1 in Charms
 16966 | Lair:3   | Found a staircase to the Swamp.
 17401 | Lair:4   | Noticed Fluffy's ghost (powerful DsGl)
 17629 | Lair:4   | Killed Fluffy's ghost
 17786 | Lair:4   | Found a staircase to the Snake Pit.
 18273 | Lair:4   | Got a smoking mace
 18274 | Lair:4   | Identified the +2 mace of the Tomato {antimagic, Str+6} (You found it on level 4 of the Lair of Beasts)
 18460 | Lair:5   | Identified a scroll of acquirement
 18463 | Lair:5   | Got a steaming chain mail
 18474 | Lair:5   | Identified the +2 chain mail of Shadows and Fog {rN++ Dex-5} (You acquired it on level 5 of the Lair of Beasts)
 18560 | Lair:5   | Found a frozen archway.
 18604 | IceCv    | Entered an ice cave
 18834 | IceCv    | Reached skill level 1 in Evocations
 19023 | IceCv    | Reached XP level 14. HP: 88/88 MP: 20/20
 19379 | IceCv    | Got a scorched hunting sling
 19380 | IceCv    | Identified the +5 hunting sling of Breach {velocity, Contam Dex+7} (You found it in an ice cave)
 19400 | IceCv    | Gained mutation: Scrolls take you a little longer to read. [mutagenic glow]
 19533 | IceCv    | Lost mutation: Scrolls take you a little longer to read. [potion of cure mutation]
 20355 | Lair:5   | Reached skill level 14 in Stealth
 20778 | Lair:6   | Found a staircase to the Slime Pits.
 21009 | Lair:6   | Reached skill level 5 in Spellcasting
 22110 | Lair:7   | Identified a +1 rod of inaccuracy (11/11) (You found it on level 7 of the Lair of Beasts)
 23045 | Lair:8   | Entered Level 8 of the Lair of Beasts
 23078 | Lair:8   | Got a spiked cloak
 23089 | Lair:8   | Identified the +2 cloak of the Butterfly {SInv} (You found it on level 8 of the Lair of Beasts)
 23299 | Lair:8   | Reached XP level 15. HP: 78/95 MP: 22/22
 23721 | Lair:8   | Reached skill level 15 in Stealth
 23845 | Lair:8   | Reached skill level 5 in Evocations
 24802 | D:11     | Gained mutation: Your mind is acute. (Int +2) [potion of mutation]
 24802 | D:11     | Gained mutation: Your mind is very acute. (Int +4) [potion of mutation]
 25031 | Swamp:1  | Entered Level 1 of the Swamp
 25188 | Swamp:1  | Noticed Louise
 25205 | Swamp:1  | Cast into the Abyss (Louise)
 25427 | Swamp:1  | Escaped the Abyss
 25446 | Swamp:1  | Killed Louise
 25571 | Swamp:1  | Got an ancient hat
 25582 | Swamp:1  | Identified the +0 hat of the Grue {Int+2} (You acquired it on level 1 of the Swamp)
 26444 | Swamp:2  | Noticed Roxanne
 27346 | Swamp:3  | Reached XP level 16. HP: 103/103 MP: 23/23
 27417 | Swamp:3  | Noticed Nikola
 27480 | Swamp:3  | Killed Nikola
 27480 | Swamp:3  | Reached skill level 16 in Stealth
 28383 | Swamp:4  | Noticed a thorn hunter
 28393 | Swamp:4  | Killed a thorn hunter
 28779 | Swamp:4  | Learned a level 3 spell: Flight
 29265 | Swamp:4  | Reached skill level 17 in Stealth
 29307 | Swamp:4  | Got a dazzling gold dragon armour
 29318 | Swamp:4  | Identified the +9 gold dragon armour of the Good {rPois rF+ rC+ Slay+3} (You acquired it on level 4 of the Swamp)
 29408 | Swamp:4  | Noticed Jorgrun
 29435 | Swamp:4  | Killed from afar by Jorgrun

Action                   |  1- 3 |  4- 6 |  7- 9 | 10-12 | 13-15 | 16-18 || total
-------------------------+-------+-------+-------+-------+-------+-------++-------
Melee: Dagger            |    24 |    35 |       |    12 |       |       ||    71
       Whip              |   110 |   170 |    64 |       |       |       ||   344
       Rapier            |       |       |   178 |   698 |  1325 |   337 ||  2538
       Unarmed           |       |       |       |       |    13 |       ||    13
 Fire: Blowgun           |       |    23 |    28 |   164 |    53 |    22 ||   290
Throw: Throwing net      |       |       |       |     3 |       |       ||     3
 Cast: Repel Missiles    |       |       |       |       |     1 |     1 ||     2
Evoke: Wand              |       |       |       |       |     7 |     9 ||    16
  Use: Scroll            |       |     2 |    13 |    20 |    16 |     6 ||    57
       Potion            |       |     1 |       |       |     5 |     1 ||     7
 Stab: Sleeping          |     8 |    11 |    24 |    37 |   142 |    19 ||   241
       Distracted        |       |       |     1 |    15 |    20 |     3 ||    39
       Held in net/web   |       |       |       |     1 |       |       ||     1
  Eat: Chunk             |     2 |    13 |     9 |    19 |    41 |     8 ||    92
       Beef jerky        |       |       |       |     3 |       |       ||     3
